 Dungeon Crawl Stone Soup version 0.31-a0-865-g3d5d91748a (webtiles) character file.

Game seed: 5989066087203361473

550 Flugkiller the Slasher (level 7, -2/63 HPs)
             Began as a Deep Elf Fighter on Oct 11, 2023.
             Was an Initiate of Makhleb.
             Slain by an orc
             ... wielding a +0 flail
              (7 damage)
             ... on level 5 of the Dungeon.
             The game lasted 00:12:18 (3798 turns).

Flugkiller the Slasher (Deep Elf Fighter)           Turns: 3798, Time: 00:12:18

Health: -2/63      AC: 10    Str: 13    XL:     7   Next: 7%
Magic:  9/9        EV: 10    Int: 13    God:    Makhleb [......]
Gold:   125        SH:  0    Dex: 16    Spells: 6/6 levels left

rFire   . . .        a - +1 long sword (venom)
rCold   + . .        c - +0 buckler
rNeg    . . .        b - +0 scale mail
rPois   .            n - +1 helmet
rElec   .            o - +0 cloak
rCorr   .            v - +0 pair of gloves
SInv    .            (no boots)
Will    .....        (no amulet) Stlth
                     p - ring of protection from cold
HPRegen 0.30/turn    (no ring)
MPRegen 0.11/turn

%: no passive effects
@: confused, berserking, very quick
A: no striking features
a: Renounce Religion


You were on level 5 of the Dungeon.
You worshipped Makhleb.
Makhleb was noncommittal.
You visited 1 branch of the dungeon, and saw 5 of its levels.

You collected 237 gold pieces.
You spent 112 gold pieces at shops.

Inventory:

Hand Weapons
 a - a +1 long sword of venom (weapon)
Missiles
 d - 4 poisoned darts
Armour
 b - a +0 scale mail (worn)
 c - a +0 buckler (worn)
 n - a +1 helmet (worn)
   (You took it off Robin on level 2 of the Dungeon)
 o - a +0 cloak (worn)
   (You found it on level 2 of the Dungeon)
 s - a +0 ring mail
   (You found it on level 2 of the Dungeon)
 v - a +0 pair of gloves (worn)
   (You found it on level 3 of the Dungeon)
Jewellery
 f - a ring of wizardry
   (You found it on level 1 of the Dungeon)
 p - a ring of protection from cold (left hand)
   (You found it on level 4 of the Dungeon)
 y - a ring of ice
   (You found it on level 4 of the Dungeon)
Scrolls
 e - a scroll of amnesia
 g - a scroll of enchant armour {unknown}
 i - a scroll of immolation {unknown}
 j - a scroll of vulnerability {unknown}
 l - a scroll of teleportation {unknown}
 w - a scroll of blinking {unknown}
 C - a scroll of fear
Potions
 h - a potion of ambrosia
 k - a potion of mutation {unknown}
 m - a potion of resistance {unknown}
 q - a potion of attraction {unknown}
 u - a potion of brilliance {unknown}
 x - a potion of curing {unknown}
 z - 2 potions of enlightenment
 A - a potion of degeneration {unknown}
 B - a potion of lignification {unknown}


   Skills:
 + Level 3.9 Fighting
 - Level 4.0 Long Blades
 - Level 2.4 Armour
 - Level 4.0 Dodging
 - Level 4.0 Shields


You had 6 spell levels left.
You didn't know any spells.
Your spell library contained the following spells:

 Spells                   Type           Power      Damage    Failure   Level
 Apportation              Tloc           0%         N/A       88%         1
 Necrotise                Necr           0%         1d4       88%         1
 Summon Small Mammal      Summ           0%         N/A       88%         1
 Cigotuvi's Dreadful Rot  Necr/Pois/Air  0%         N/A       96%         2
 Jinxbite                 Hex            0%         N/A       96%         2
 Ignite Poison            Fire/Tmut/Pois 0%         N/A       99%         3
 Tukima's Dance           Hex            0%         N/A       99%         3
 Dimensional Bullseye     Hex/Tloc       0%         N/A       100%        4
 Iskenderun's Mystic Bla  Conj/Tloc      0%         2d3       100%        4
 Manifold Assault         Tloc           0%         N/A       100%        4
 Alistair's Intoxication  Tmut/Pois      0%         N/A       100%        5
 Freezing Cloud           Conj/Ice/Air   0%         6-21      100%        5
 Dispersal                Tloc           0%         N/A       100%        6
 Disjunction              Tloc           0%         N/A       100%        8


Dungeon Overview and Level Annotations

Branches:
Dungeon (5/15) Zot: 26090  Temple (0/1) D:5

Altars:
Cheibriados
Dithmenos
Gozag
Makhleb
Wu Jian

Shops:
D:4 *:


Message History

The orc hits you but does no damage.
The orc wizard casts a spell.
The orc wizard flickers and vanishes!
Deactivating autopickup; reactivate with Ctrl-A.
You barely miss the orc. The orc barely misses you.
The orc completely misses you.
You closely miss the orc. The orc barely misses you.
You barely miss the orc. The orc hits you but does no damage.
You hit the orc.
The orc is severely wounded.
The orc closely misses you. The orc hits you but does no damage.
You hit the orc.
You kill the orc!
Makhleb accepts your kill. The orc hits you but does no damage.
You slash the iguana!
The iguana is severely wounded.
The iguana bites you but does no damage.
The orc hits you but does no damage. The iguana barely misses you.
You hit the iguana.
The iguana is poisoned.
The iguana is almost dead.
The iguana barely misses you. The orc hits you with a +0 club.
You barely miss the iguana.
The iguana is almost dead.
You block the orc's attack. The iguana bites you.
The orc hits you with a +0 club. The orc closely misses you.
You hit the iguana.
You kill the iguana!
Makhleb accepts your kill. You block the orc's attack. x2
You barely miss something. The orc closely misses you.
You hear some strange, mumbled words.
Something tries to affect you, but you resist.
The orc barely misses you. You block the orc's attack.
Something hits you but does no damage.
You barely miss something. The orc closely misses you. Something hits you.
The orc closely misses you.
You hit something but do no damage. The orc barely misses you.
You block the orc's attack. Something hits you.
The orc hits you but does no damage.
You barely miss something. The orc closely misses you. Something hits you.
You block the orc's attack.
You barely miss something. You block the orc's attack.
Something hits you but does no damage. The orc hits you but does no damage.
You barely miss something. The orc misses you.
Something hits you but does no damage. The orc misses you.
The orc hits you but does no damage. Something hits you but does no damage.
You barely miss the orc. You block the orc's attack. x2
You hear some strange, mumbled words.
A puff of flame appears from out of thin air!
The puff of flame hits you but does no damage.
The orc hits you but does no damage.
You closely miss the orc. You block the orc's attack. Something hits you.
The orc hits you but does no damage.
You barely miss the orc. The orc hits you with a +0 club.
You hear some strange, mumbled words.
A puff of flame appears from out of thin air!
The puff of flame hits you but does no damage.
The orc hits you with a +0 club.
You hit the orc but do no damage.
The orc is poisoned.
The orc hits you with a +0 club. Something hits you but does no damage.
The orc hits you with a +0 club.
You closely miss something. The orc hits you but does no damage.
Something hits you but does no damage. The orc hits you with a +0 club.
The orc hits you but does no damage. Something hits you but does no damage.
You hit something. The orc misses you. The orc hits you but does no damage.
Something hits you but does no damage. The orc hits you but does no damage.
You hit the orc.
You kill the orc!
Makhleb accepts your kill. Something hits you but does no damage.
You barely miss the orc.
You hear some strange, mumbled words.
A puff of flame appears from out of thin air!
You block the puff of flame. The orc hits you but does no damage.
You hit the orc but do no damage.
The orc is poisoned.
The orc barely misses you. Something hits you but does no damage.
The orc closely misses you.
You hear some strange, mumbled words.
You are confused.
The orc barely misses you.
You barely miss something. The orc barely misses you.
The orc hits you but does no damage. Something hits you.
The orc closely misses you.
You completely miss something. The orc barely misses you.
Something hits you but does no damage. The orc hits you but does no damage.
The orc attacks as it pursues you! The orc hits you with a +0 flail!
* * * LOW HITPOINT WARNING * * *
The orc hits you with a +0 club.
* * * LOW HITPOINT WARNING * * *
A red film seems to cover your vision as you go berserk!
You feel yourself moving faster!
You feel mighty!
You hear some strange, mumbled words.
A puff of flame appears from out of thin air!
The puff of flame hits you.
* * * LOW HITPOINT WARNING * * *
The orc hits you but does no damage. x2
You slash something! Something hits you but does no damage.
The orc hits you with a +0 flail!
You die...

..†#.#.##.......# #...........
.#........#.....# ##....#######
.#.##.#...#.....#####..####
..%...#...............##
#.##....#.#........####
#....##.#..#.....#.##
.............###....# #####
...>..........){oo..########...#
.........#######@.......#......#
.........# #.........<.....#
########## ########........#
###......# #......# ####...#
#####


You could see 2 orcs.

Vanquished Creatures
  2 water moccasins
  A scorpion (D:4)
  A hound (D:5)
  Jessica (D:2)
  An iguana (D:5)
  Natasha (twice) (D:2)
  Robin (D:2)
  4 adders
  A shadow imp (D:5)
  2 worms (D:1)
  3 dart slugs
  4 orcs
  4 ball pythons
  5 bats
  6 endoplasms
  3 giant cockroaches
  11 goblins
  9 hobgoblins
  13 jackals
  2 quokkas
  5 frilled lizards
  3 kobolds
  4 rats
88 creatures vanquished.

Notes
Turn   | Place    | Note
-------+----------+-------------------------------------------
     0 | D:1      | Flugkiller the Deep Elf Fighter began the quest for the
                  | Orb.
     0 | D:1      | Reached XP level 1. HP: 13/13 MP: 3/3
    95 | D:1      | Reached XP level 2. HP: 14/18 MP: 4/4
   546 | D:1      | Reached XP level 3. HP: 21/22 MP: 5/5
   669 | D:2      | Noticed Robin
  1047 | D:2      | Killed Robin
  1144 | D:2      | Found a snail-covered altar of Cheibriados.
  1168 | D:2      | Noticed Jessica
  1182 | D:2      | Killed Jessica
  1183 | D:2      | Reached skill level 1 in Dodging
  1183 | D:2      | Reached XP level 4. HP: 27/27 MP: 6/6
  1292 | D:2      | You fall into a shaft and drop 1 floor!
  1433 | D:2      | Noticed Natasha
  1500 | D:2      | Killed Natasha
  1575 | D:2      | Noticed Natasha
  1578 | D:2      | Killed Natasha
  1579 | D:2      | Reached XP level 5. HP: 31/31 MP: 7/7
  2023 | D:3      | Noticed a water moccasin
  2364 | D:3      | Killed a water moccasin
  2365 | D:3      | Reached XP level 6. HP: 24/36 MP: 8/8
  2717 | D:4      | Found Gaocujidd's General Store.
  3001 | D:4      | Found Wuttom's Book Boutique.
  3075 | D:4      | Bought a scroll of fear for 56 gold pieces
  3075 | D:4      | Bought a scroll of identify for 28 gold pieces
  3075 | D:4      | Bought a scroll of identify for 28 gold pieces
  3188 | D:4      | Found a shadowy altar of Dithmenos.
  3452 | D:4      | Found a burning altar of Makhleb.
  3460 | D:4      | Became a worshipper of Makhleb the Destroyer
  3485 | D:4      | Found an ornate altar of the Wu Jian Council.
  3485 | D:4      | Found an opulent altar of Gozag.
  3512 | D:5      | Entered Level 5 of the Dungeon
  3521 | D:5      | Noticed a water moccasin
  3531 | D:5      | Killed a water moccasin
  3702 | D:5      | Found a staircase to the Ecumenical Temple.
  3713 | D:5      | Reached XP level 7. HP: 38/42 MP: 9/9
  3798 | D:5      | Slain by an orc

Illustrated notes

Levels and vault maps discovered:
D:1:      sevenhm_arrival_forest_fort_small_6, layout_rooms,
          nicolae_concentric_dashed_squares_mild
D:2:      layout_rooms, basic_altar, uniq_robin, uniq_jessica, uniq_natasha
D:3:      layout_basic
D:4:      layout_cave_pools, lemuel_doored_altar, bloody_makhleb,
          nicolae_overflow_two_pavilions, serial_shops, nicolae_shop_peninsula,
          shop
D:5:      layout_rooms, kennysheep_little_box, minmay_temple_entry_ruins

Skill      XL: |  1  2  3  4  5  6 |
---------------+-------------------+-----
Long Blades    | 2 3 4 |  4.0
Dodging        | 1 3 4 |  4.0
Shields        | 3 4 |  4.0
Fighting       | 3 |  3.9
Armour         | |  2.4

Action                     |  1- 3 |  4- 6 |  7- 9 || total
---------------------------+-------+-------+-------++-------
  Melee: Long sword        |   104 |   181 |    29 ||   314
    Use: Potion            |       |     4 |     1 ||     5
         Scroll            |       |     8 |       ||     8
 Armour: Scale mail        |    80 |   146 |    52 ||   278
  Dodge: Dodged            |    40 |   125 |    22 ||   187
  Block: Buckler           |    18 |    53 |    11 ||    82

Table legend: (Time is in decaauts)
 A = Elapsed time spent in this place.
 B = Non-inter-level travel time spent in this place.
 C = Inter-level travel time spent in this place.
 D = Time resting spent in this place.
 E = Time spent auto-exploring this place.
 F = Levels seen in this place.
 G = Mean time per level.
                   A        B        C        D        E       F      G
               +--------+--------+--------+--------+--------+-----+--------+
         Total |   3909 |   3567 |    342 |    579 |    829 |   5 |  781.8 |
       Dungeon |   3909 |   3567 |    342 |    579 |    829 |   5 |  781.8 |
               +--------+--------+--------+--------+--------+-----+--------+

Top non-repeatable levels by time:
     D:3: 1029 daAuts
     D:1: 985 daAuts
     D:2: 843 daAuts
     D:4: 745 daAuts
     D:5: 306 daAuts
